 Dungeon Crawl Stone Soup version 0.30-b1-2-g02819fbbbe (webtiles) character file.

Game seed: 4364365411570068997

45498 Flugkiller the Thaumaturge (level 14, -9/103 HPs)
             Began as a Djinni Hexslinger on May 18, 2023.
             Was a High Priest of Dithmenos.
             Mangled by a catoblepas (31 damage)
             ... on level 5 of the Lair of Beasts.
             The game lasted 00:43:29 (21374 turns).

Flugkiller the Thaumaturge (Djinni Hexslinger)     Turns: 21374, Time: 00:43:30

Health: -9/103     AC:  9    Str:  9    XL:     14   Next: 71%
Gold:   987        EV: 16    Int: 18    God:    Dithmenos [*****.] SH:  0 Dex: 16

rFire   + + .        a - +1 sling
rCold   x . .        (no shield)
rNeg    . . .        N - +0 troll leather armour
rPois   ∞            y - +0 helmet
rElec   +            (no cloak)
rCorr   .            (no gloves)
SInv    .            (boots unavailable)
Will    +....        (no amulet)
Stlth   ++           G - ring of Alehoxog {Wiz rElec rPois}
HPRegen 0.00/turn    v - +4 ring of protection
MPRegen 0.00/turn

%: wizardry (x1), infuse magic (-10 HP)
@: flying, inhibited regen, wreathed by umbra
A: sickness immunity, fire resistance 2, cold vulnerability 1, float, innate
caster, HP casting, extra vitality 1, inhibited regeneration
a: Renounce Religion, Shadow Step, Shadow Form


You were on level 5 of the Lair of Beasts.
You worshipped Dithmenos.
Dithmenos was extremely pleased with you.
You visited 3 branches of the dungeon, and saw 17 of its levels.
You also visited: Gauntlet.

You collected 987 gold pieces.

Inventory:

Hand Weapons
 a - a +1 sling (weapon)
 b - the +7 sling "Mubetim" {flame, rElec rF+ Int-3}
   (You found it on level 7 of the Dungeon)

   Int:       It affects your intelligence (-3).
   rF:        It protects you from fire.
   rElec:     It insulates you from electricity.
 B - a +5 short sword of speed
   (You took it off a kobold on level 8 of the Dungeon)
Missiles
 L - 6 curare-tipped darts
 S - 7 silver javelins
Armour
 y - a +0 helmet (worn)
   (You took it off Robin on level 3 of the Dungeon)
 C - +0 steam dragon scales
   (You found it on level 8 of the Dungeon)
 F - a +2 robe of the Archmagi
   (You took it off an orc sorcerer on level 10 of the Dungeon)
 N - a +0 troll leather armour (worn)
   (You found it on level 11 of the Dungeon)
 R - the +4 chain mail of Agoraphobia {rF+ Stlth+}
   (You found it in a Gauntlet)

   rF:        It protects you from fire.
   Stlth:     It makes you more stealthy.
Magical Staves
 m - the staff of cold "Ximiker" {rF+ rC+ Stlth+}
   (You took it off a kobold on level 8 of the Dungeon)

   [staff of cold]

   Your inability to study Ice Magic prevents you from drawing on the full power
   of this staff in melee.
   Base accuracy: +5 Base damage: 5 Base attack delay: 1.2 This weapon's minimum
   attack delay (0.6) is reached at skill level 12.
   rF:        It protects you from fire.
   rC:        It protects you from cold.
   Stlth:     It makes you more stealthy.
   It falls into the 'Staves' category.
   It is a one-handed weapon.
 I - the staff of death "Ussidobu" {rC+ rN+ rCorr Str+3}
   (You found it on level 10 of the Dungeon)

   [staff of death]

   Your inability to study Necromancy prevents you from drawing on the full
   power of this staff in melee.
   Base accuracy: +5 Base damage: 5 Base attack delay: 1.2 This weapon's minimum
   attack delay (0.6) is reached at skill level 12.
   Str:       It affects your strength (+3).
   rC:        It protects you from cold.
   rN:        It protects you from negative energy.
   rCorr:     It protects you from acid and corrosion.
   It falls into the 'Staves' category.
   It is a one-handed weapon.
Jewellery
 f - a ring of protection from fire
   (You found it on level 9 of the Dungeon)
 p - a ring of protection from fire
   (You took it off a kobold on level 3 of the Dungeon)
 u - a ring of ice
   (You found it on level 7 of the Dungeon)
 v - a +4 ring of protection (right hand)
   (You found it on level 7 of the Dungeon)
 G - the ring of Alehoxog (left hand) {Wiz rElec rPois}
   (You took it off an orc on level 7 of the Dungeon)

   [ring of wizardry]

   It improves your spell success rate.
   rElec:     It insulates you from electricity.
   rPois:     It protects you from poison.
 Q - the ring "Lefaing" {rC+ Str+6 Slay+2}
   (You found it in a Gauntlet)

   [ring of strength]

   Str:       It affects your strength (+6).
   Slay:      It affects your accuracy & damage with ranged weapons and melee
   (+2).
   rC:        It protects you from cold.
Wands
 e - a wand of polymorph (9)
   (You found it on level 4 of the Dungeon)
 g - a wand of roots (16)
   (You found it on level 5 of the Dungeon)
 i - a wand of flame (13)
   (You found it on level 6 of the Dungeon)
 H - a wand of paralysis (1)
   (You found it on level 10 of the Dungeon)
 J - a wand of mindburst (13)
   (You found it on level 10 of the Dungeon)
 M - a wand of acid (4)
   (You found it on level 2 of the Lair of Beasts)
Scrolls
 c - 2 scrolls of magic mapping
 j - 2 scrolls of silence
 s - 4 scrolls of poison
 t - 7 scrolls of teleportation
 x - a scroll of torment
 A - 2 scrolls of vulnerability
 D - 2 scrolls of enchant weapon
 P - a scroll of summoning
 U - a scroll of blinking {unknown}
 W - a scroll of immolation {unknown}
Potions
 d - 4 potions of might
 h - 3 potions of haste
 k - 2 potions of attraction
 n - a potion of resistance
 o - a potion of brilliance
 q - 3 potions of curing
 r - a potion of invisibility {unknown}
 w - 3 potions of heal wounds
 z - 2 potions of berserk rage
 E - a potion of cancellation
 X - a potion of lignification
Miscellaneous
 l - a phantom mirror
   (You found it on level 8 of the Dungeon)
 K - a lightning rod (4/4)
   (You found it on level 1 of the Lair of Beasts)
 O - a piece from Xom's chessboard (15/15)
   (You found it on level 3 of the Lair of Beasts)
 T - a phial of floods
   (You found it in a Gauntlet)
 V - a box of beasts
   (You found it in a Gauntlet)


   Skills:
 - Level 10.0 Fighting
 - Level 2.0 Ranged Weapons
 - Level 10.0 Dodging
 + Level 14.2 Spellcasting
 + Level 3.3 Invocations
 - Level 10.0 Evocations


You knew the following spells:

 Your Spells              Type           Power      Damage    Failure   Level
a - Slow                  Hex            100%       N/A       0%          1
b - Inner Flame           Hex/Fire       59%        N/A       1%          3
c - Portal Projectile     Hex/Tloc       100%       N/A       1%          3
d - Cause Fear            Hex            29%        N/A       1%          4
e - Sting                 Tmut/Pois      100%       1d8       0%          1
f - Searing Ray           Conj           100%       2d8       1%          2
g - Passwall              Tmut/Erth      49%        N/A       1%          2
h - Animate Dead          Necr           59%        N/A       1%          4
i - Olgreb's Toxic Radia  Pois           59%        N/A       1%          4
j - Lee's Rapid Deconstr  Erth           29%        3d15*     1%          5
Your spell library was empty.

Dungeon Overview and Level Annotations

Branches:
Dungeon (11/15) Zot: 25553  Temple (1/1) D:7 Zot: 5841    Lair (5/5) D:10 Zot: 25414
 Shoals (0/4) Lair:2        Snake (0/4) Lair:3          Orc (0/2) D:9
Gauntlet (visited)
  Slime: Lair:4-5

Altars:
Ashenzari
Cheibriados
Dithmenos
Elyvilon
Fedhas
Gozag
Hepliaklqana
Makhleb
Nemelex Xobeh
Okawaru
Qazlal
Uskayaw
Wu Jian
Xom
Yredelemnul
Zin

Shops:
D:9 [

Annotations:
D:4 exclusion: downstairs
D:5 2 transporters, eelars's ghost, novice MiFi
D:10 2 transporters, exclusion: gargoyle, GrimJard's ghost, journeyman DrCj


Innate Abilities, Weirdness & Mutations

You are immune to sickness and miasma.
You are immune to poison.
Your flesh is very heat resistant. (rF++)
You are vulnerable to cold. (rC-)
You float through the air rather than walking.
You learn spells naturally, not from books.
Your magical power is your life essence.
You have superior vitality. (+4 MHP)
You do not regenerate when monsters are visible.


Message History

You fly downwards.
There is a stone staircase leading up here.
Unknown command.
A komodo dragon comes into view.
The komodo dragon hisses angrily.
The komodo dragon moves out of view.
A komodo dragon is nearby!
Casting: Olgreb's Toxic Radiance (safe; 1% risk of failure)
Confirm with . or Enter, or press ? or * to list all spells.
The komodo dragon looks frightened!
Casting: Cause Fear (safe; 1% risk of failure)
Confirm with . or Enter, or press ? or * to list all spells.
You begin to radiate toxic energy.
Your attack snaps the komodo dragon out of its fear.
The komodo dragon is poisoned.
Casting: Olgreb's Toxic Radiance (safe; 1% risk of failure)
Confirm with . or Enter, or press ? or * to list all spells.
Your toxic radiance grows in intensity.
The komodo dragon looks even sicker. x2
Casting: Olgreb's Toxic Radiance (safe; 1% risk of failure)
Confirm with . or Enter, or press ? or * to list all spells.
Aiming: Inner Flame (safe; 1% risk of failure)
Press: ? - help, Dir - move target, f - komodo dragon
Aim: a komodo dragon (moderately wounded, very poisoned, umbra, chance to affect: 87%)
The komodo dragon is filled with an inner flame.
Your shadow mimicks your spell!
The shadow shard hits the plant!!
The plant begins to die.
Flame seeps out of the komodo dragon. x2
The komodo dragon is engulfed in blazing flames.
Flame seeps out of the komodo dragon.
Your toxic aura wanes.
Found a scroll of silence.
Dithmenos accepts your kill.
You feel a bit more experienced.
You hear an explosion!
You hear a loud, deep croak!
You hear a bleat!
You start resting.
A catoblepas comes into view.
Casting: Inner Flame (safe; 1% risk of failure)
Confirm with . or Enter, or press ? or * to list all spells.
Aiming: Inner Flame (safe; 1% risk of failure)
Press: ? - help, Dir - move target, f - catoblepas
Aim: a catoblepas (wandering, hasn't noticed you, chance to affect: 42%)
The catoblepas bellows!
The catoblepas resists with some effort.
Casting: Inner Flame (safe; 1% risk of failure)
Confirm with . or Enter, or press ? or * to list all spells.
You begin to radiate toxic energy.
The catoblepas is poisoned.
The catoblepas looks even sicker.
A cane toad comes into view.
Casting: Olgreb's Toxic Radiance (safe; 1% risk of failure)
Confirm with . or Enter, or press ? or * to list all spells.
Your toxic radiance grows in intensity.
The catoblepas looks even sicker.
Casting: Olgreb's Toxic Radiance (safe; 1% risk of failure)
Confirm with . or Enter, or press ? or * to list all spells.
Aiming: Inner Flame (safe; 1% risk of failure)
Press: ? - help, Dir - move target, f/p - catoblepas
Aim: a catoblepas (lightly wounded, very poisoned, umbra, chance to affect: 42%)
The catoblepas resists with some effort.
The catoblepas looks as sick as possible!
Casting: Inner Flame (safe; 1% risk of failure)
Confirm with . or Enter, or press ? or * to list all spells.
Aiming: Inner Flame (safe; 1% risk of failure)
Press: ? - help, Dir - move target, f/p - catoblepas
Aim: a catoblepas (lightly wounded, extremely poisoned, umbra, chance to affect: 42%)
The catoblepas resists with some effort.
Casting: Inner Flame (safe; 1% risk of failure)
Confirm with . or Enter, or press ? or * to list all spells.
Aiming: Inner Flame (safe; 1% risk of failure)
Press: ? - help, Dir - move target, f/p - catoblepas
Aim: a catoblepas (lightly wounded, extremely poisoned, umbra, chance to affect: 42%)
The catoblepas resists with some effort.
The catoblepas looks as sick as possible!
Your toxic aura wanes.
Casting: Cause Fear (safe; 1% risk of failure)
Press: ? - help, Q - select action, (/) - cycle Dir - look around, f - activate Look: a cane toad (umbra, chance to affect: 83%)
Okay, then.
Unknown command.
Unknown command.
The air fills with toxic fumes!
As you read the scroll of poison, it crumbles to dust.
The catoblepas barely misses you.
Unknown command.
The catoblepas attacks as you move away!
The catoblepas gores you!!
Found a potion of curing.
The catoblepas attacks as you move away!
The catoblepas gores you!!
The catoblepas is engulfed in poison gas.
The catoblepas looks as sick as possible!
The cane toad closely misses you.
The catoblepas is engulfed in poison gas.
The catoblepas looks as sick as possible!
Unknown command.
The cane toad stings you!!
* * * LOW HITPOINT WARNING * * *
Unknown command.
You feel much better. The cane toad stings you!
* * * LOW HITPOINT WARNING * * *
The catoblepas looks as sick as possible!
The catoblepas gores you!!
You die...

..... !...
..... .§.
.....# .§#
....#. #§##
...§§§###§P#
...P§§§§§§##
.+§§...§§#
?..##§§§YF#
#§§§§§@#
#§§§§§##
#☼####.#
##..# ##
.P.# .l...
.......
.......
##P.#..


You could see a catoblepas (extremely poisoned) and a cane toad.

Vanquished Creatures
  Nessos (Lair:4)
  A minotaur (Gauntlet)
  3 hydras
  2 boulder beetles
  2 centaur warriors (D:8)
  5 two-headed ogres
  A hell hog (Gauntlet)
  2 tengu warriors
  A fire crab (Lair:4)
  An orc sorcerer (D:10)
  An ugly thing (D:11)
  An oklob plant (D:10)
  A cyclops (D:8)
  15 elephants
  Joseph (D:7)
  2 black mambas
  A gargoyle (D:10)
  6 cane toads
  Psyche (D:9)
  A smoke demon (Gauntlet)
  2 unseen horrors
  3 komodo dragons
  A kobold demonologist (D:8)
  A tengu conjurer (D:11)
  2 rime drakes
  A queen bee (Gauntlet)
  A polar bear (Lair:3)
  3 trolls
  11 hornets
  7 blink frogs
  11 dream sheep
  2 wyverns (D:8)
  3 wraiths
  40 yaks
  A basilisk (Lair:2)
  2 fire bats (Gauntlet)
  A steam dragon (D:8)
  Eustachio (D:6)
  Menkaure (D:7)
  4 vampire mosquitoes (D:10)
  2 acid dragons (D:11)
  A hell hound (Gauntlet)
  4 nagas (Lair:3)
  15 water moccasins
  2 floating eyes (D:10)
  Duvessa (D:7)
  6 orc warriors
  An ice beast (D:7)
  2 black bears (D:6)
  2 sky beasts
  An ogre (D:5)
  10 wolves
  A centaur (D:11)
  2 kobold brigands (D:8)
  13 bullfrogs
  A gnoll sergeant (D:11)
  4 scorpions
  Dowan (D:7)
  7 wights (D:8)
  11 killer bees
  2 howler monkeys (D:8)
  4 crimson imps (Gauntlet)
  2 hounds
  A jelly (D:8)
  3 orc priests
  A sleepcap (D:8)
  Natasha (thrice) (D:2)
  9 orc wizards
  6 iguanas
  Robin (D:3)
  5 gnolls
  10 adders
  A shadow imp (D:6)
  3 white imps
  An ufetubus (D:5)
  A worm (D:2)
  A dart slug (D:5)
  40 orcs
  4 ball pythons
  8 bats
  8 endoplasms
  3 giant cockroaches
  9 goblins
  11 hobgoblins
  2 quokkas
  9 frilled lizards
  11 kobolds
  2 rats (D:1)
  A butterfly (Lair:3)
396 creatures vanquished.

Vanquished Creatures (others)
  6 orc zombies
  20 demonic plants (Gauntlet)
  22 fungi
  58 plants
106 creatures vanquished.

Grand Total: 502 creatures vanquished

Notes
Turn   | Place    | Note
-------+----------+-------------------------------------------
     0 | D:1      | Flugkiller the Djinni Hexslinger began the quest for the
                  | Orb.
     0 | D:1      | Flugkiller set off with the following spells memorised:
                  | Slow, Inner Flame, Portal Projectile, Cause Fear.
     0 | D:1      | Reached XP level 1. HP: 17/17 MP: 0/0
   252 | D:1      | Reached XP level 2. HP: 22/22 MP: 0/0
   398 | D:1      | Found a faded altar of an unknown god.
   407 | D:1      | Reached XP level 3. HP: 28/28 MP: 0/0
   407 | D:1      | Learned a level 1 spell: Sting
   833 | D:1      | Reached skill level 3 in Spellcasting
  1093 | D:2      | Noticed Natasha
  1149 | D:2      | Identified the +0 trident "Urchaules" {heavy, rElec rC-
                  | Will+++ rCorr Stlth-}
  1178 | D:2      | Reached XP level 4. HP: 19/33 MP: 0/0
  1813 | D:2      | Killed Natasha
  1814 | D:2      | Reached XP level 5. HP: 16/39 MP: 0/0
  1814 | D:2      | Learned a level 2 spell: Searing Ray
  1927 | D:2      | Noticed Natasha
  1941 | D:2      | Killed Natasha
  2214 | D:2      | Noticed Natasha
  2221 | D:2      | Killed Natasha
  2424 | D:3      | Noticed Robin
  2555 | D:3      | Found an ornate altar of the Wu Jian Council.
  2815 | D:3      | Killed Robin
  2816 | D:3      | Reached skill level 4 in Spellcasting
  2816 | D:3      | Reached XP level 6. HP: 28/46 MP: 0/0
  3474 | D:4      | Identified the +0 scale mail "Pukar" {SInv}
  3891 | D:5      | Entered Level 5 of the Dungeon
  3891 | D:5      | Noticed an ogre
  4018 | D:5      | Noticed eelars's ghost (novice MiFi)
  4019 | D:5      | Found a transporter.
  4030 | D:5      | Found a transporter.
  4044 | D:5      | Killed an ogre
  4045 | D:5      | Reached skill level 5 in Spellcasting
  4045 | D:5      | Reached XP level 7. HP: 44/50 MP: 0/0
  4045 | D:5      | Learned a level 2 spell: Passwall
  4211 | D:5      | Found a stormy altar of Qazlal.
  4285 | D:5      | Noticed a water moccasin
  4426 | D:5      | Killed a water moccasin
  4427 | D:5      | Reached skill level 6 in Spellcasting
  4518 | D:5      | Reached XP level 8. HP: 50/56 MP: 0/0
  4776 | D:6      | Noticed Eustachio
  4804 | D:6      | Killed Eustachio
  5087 | D:6      | Reached skill level 7 in Spellcasting
  5803 | D:6      | Reached XP level 9. HP: 46/61 MP: 0/0
  5803 | D:6      | Learned a level 4 spell: Animate Dead
  5968 | D:7      | Noticed Dowan
  5970 | D:7      | Noticed Duvessa
  5996 | D:7      | Noticed a two-headed ogre
  6026 | D:7      | Noticed Menkaure
  6033 | D:7      | Killed Menkaure
  6357 | D:7      | Found a white marble altar of Elyvilon.
  6391 | D:7      | Reached skill level 8 in Spellcasting
  6440 | D:7      | Found a staircase to the Ecumenical Temple.
  6442 | D:7      | Noticed Joseph
  6694 | D:7      | Identified the +7 sling "Mubetim" {flame, rElec rF+ Int-3}
  6699 | D:7      | Reached skill level 1 in Evocations
  6911 | Temple   | Entered the Ecumenical Temple
  7044 | Temple   | Became a worshipper of Dithmenos the Shadowed
  7135 | D:7      | Killed a two-headed ogre
  7136 | D:7      | Reached skill level 5 in Fighting
  7136 | D:7      | Reached skill level 5 in Dodging
  7166 | D:7      | Identified the ring of Alehoxog {Wiz rElec rPois}
  7688 | D:7      | Killed Duvessa
  7849 | D:7      | Reached XP level 10. HP: 69/70 MP: 0/0
  7934 | D:7      | Killed Dowan
  7977 | D:7      | Killed Joseph
  8392 | D:8      | Found a broken altar of Ashenzari.
  8999 | D:8      | Reached * piety under Dithmenos
  9007 | D:8      | Reached skill level 9 in Spellcasting
  9296 | D:8      | Found a white marble altar of Elyvilon.
  9297 | D:8      | Found a blossoming altar of Fedhas.
  9297 | D:8      | Found a blossoming altar of Fedhas.
  9309 | D:8      | Noticed a two-headed ogre
  9347 | D:8      | Killed a two-headed ogre
  9771 | D:8      | Reached XP level 11. HP: 58/79 MP: 0/0
  9771 | D:8      | Learned a level 4 spell: Olgreb's Toxic Radiance
  9859 | D:8      | Noticed a centaur warrior
  9865 | D:8      | Reached skill level 10 in Spellcasting
  9869 | D:8      | Identified the staff of cold "Ximiker" {rF+ rC+ Stlth+}
  9880 | D:8      | Reached skill level 5 in Evocations
 10301 | D:8      | Noticed a two-headed ogre
 10330 | D:8      | Killed a two-headed ogre
 10687 | D:8      | Killed a centaur warrior
 10908 | D:8      | Noticed a centaur warrior
 10946 | D:8      | Noticed a tengu warrior
 10948 | D:8      | Noticed a two-headed ogre
 10989 | D:8      | Killed a tengu warrior
 11109 | D:8      | Killed a two-headed ogre
 11381 | D:8      | Killed a centaur warrior
 11601 | D:8      | Noticed a cyclops
 11612 | D:8      | Killed a cyclops
 11791 | D:9      | Found Aleok's Armour Shop.
 11791 | D:9      | Found a staircase to the Orcish Mines.
 12045 | D:9      | Noticed Psyche
 12051 | D:9      | Killed Psyche
 12052 | D:9      | Reached XP level 12. HP: 72/86 MP: 0/0
 12180 | D:9      | Reached ** piety under Dithmenos
 12877 | D:9      | Reached skill level 11 in Spellcasting
 13021 | D:9      | Noticed a two-headed ogre
 13040 | D:9      | Killed a two-headed ogre
 13281 | D:10     | Entered Level 10 of the Dungeon
 13281 | D:10     | Found a transporter.
 13282 | D:10     | Noticed GrimJard's ghost (journeyman DrCj)
 13304 | D:10     | Found a staircase to the Lair.
 13475 | D:10     | Found a transporter.
 13609 | D:10     | Reached skill level 12 in Spellcasting
 13800 | D:10     | Identified the staff of death "Ussidobu" {rC+ rN+ rCorr
                  | Str+3}
 14759 | D:10     | Gained mutation: Armour fits poorly on your strangely
                  | shaped body. [potion of mutation]
 14759 | D:10     | Gained mutation: Your muscles are strong. (Str +4, Int/Dex
                  | -1) [potion of mutation]
 14760 | D:10     | Lost mutation: Armour fits poorly on your strangely shaped
                  | body. [potion of mutation]
 14760 | D:10     | Lost mutation: Your muscles are strong. (Str +4, Int/Dex
                  | -1) [potion of mutation]
 14760 | D:10     | Gained mutation: You do not regenerate when monsters are
                  | visible. [potion of mutation]
 15457 | D:11     | Reached *** piety under Dithmenos
 15562 | D:11     | Reached XP level 13. HP: 72/92 MP: 0/0
 15562 | D:11     | Learned a level 5 spell: Lee's Rapid Deconstruction
 16237 | Lair:1   | Entered Level 1 of the Lair of Beasts
 16323 | Lair:1   | Reached skill level 13 in Spellcasting
 17413 | Lair:2   | Reached **** piety under Dithmenos
 17467 | Lair:2   | Found a staircase to the Shoals.
 17931 | Lair:3   | Noticed an eight-headed hydra
 17935 | Lair:3   | Killed an eight-headed hydra
 18016 | Lair:3   | Noticed a seven-headed hydra
 18025 | Lair:3   | Reached skill level 14 in Spellcasting
 18237 | Lair:3   | Killed a seven-headed hydra
 18959 | Lair:3   | Reached XP level 14. HP: 80/101 MP: 0/0
 19248 | Lair:3   | Found a staircase to the Snake Pit.
 19449 | Lair:4   | Noticed Nessos
 19476 | Lair:4   | Killed Nessos
 19477 | Lair:4   | Reached skill level 10 in Dodging
 19543 | Lair:4   | Reached skill level 10 in Fighting
 19550 | Lair:4   | Found a gate leading to a gauntlet.
 19558 | Gauntlet | Entered a Gauntlet
 19558 | Gauntlet | Found a transporter.
 19558 | Gauntlet | Found a transporter.
 19591 | Gauntlet | Found a transporter.
 19595 | Gauntlet | Found a transporter.
 19605 | Gauntlet | Found a transporter.
 19609 | Gauntlet | Found a transporter.
 19621 | Gauntlet | Found a transporter.
 19641 | Gauntlet | Found a transporter.
 19647 | Gauntlet | Found a transporter.
 19652 | Gauntlet | Found a runed translucent gate.
 19653 | Gauntlet | Found a large runed translucent door.
 19653 | Gauntlet | Found a large runed translucent door.
 19654 | Gauntlet | Found a large runed translucent door.
 19655 | Gauntlet | Found a large runed translucent door.
 19656 | Gauntlet | Found a large runed translucent door.
 19656 | Gauntlet | Found a large runed translucent door.
 19656 | Gauntlet | Found a runed translucent door.
 19657 | Gauntlet | Found a large runed translucent door.
 19658 | Gauntlet | Found a large runed translucent door.
 19665 | Gauntlet | Found a transporter.
 19665 | Gauntlet | Found a runed translucent gate.
 19665 | Gauntlet | Found a transporter.
 19666 | Gauntlet | Found a runed translucent door.
 19666 | Gauntlet | Found a runed translucent gate.
 19700 | Gauntlet | Found a large runed translucent door.
 19701 | Gauntlet | Found a large runed translucent door.
 19702 | Gauntlet | Found a large runed translucent door.
 19702 | Gauntlet | Found a large runed translucent door.
 19703 | Gauntlet | Found a large runed translucent door.
 19704 | Gauntlet | Found a large runed translucent door.
 19705 | Gauntlet | Found a large runed translucent door.
 19705 | Gauntlet | Found a large runed translucent door.
 19708 | Gauntlet | Found a transporter.
 19810 | Gauntlet | Reached ***** piety under Dithmenos
 19865 | Gauntlet | Identified the ring "Lefaing" {rC+ Str+6 Slay+2}
 19874 | Gauntlet | Identified the +4 chain mail of Agoraphobia {rF+ Stlth+}
 19946 | Gauntlet | Noticed a minotaur
 19982 | Gauntlet | Killed a minotaur
 20280 | Lair:4   | Reached skill level 10 in Evocations
 20333 | Lair:4   | Reached skill level 1 in Invocations
 21344 | Lair:5   | Entered Level 5 of the Lair of Beasts
 21374 | Lair:5   | Mangled by a catoblepas

Illustrated notes

Levels and vault maps discovered:
D:1:      spicycebolla_green_bress_n_ham_2, layout_basic,
          hellmonk_ecumenical_altar_slurped_away, moated_statue
D:2:      layout_loops_ring, serial_bayou_pond_c, uniq_natasha
D:3:      layout_loops_ring, pdpol_wu_jian_five_deadly_venoms,
          minmay_strange_pillars, minmay_hedge_maze, minmay_lizard_king,
          uniq_robin
D:4:      layout_basic
D:5:      layout_rooms, mainiacjoe_overflow_boulevard, general_overflow_altar,
          gammafunk_ghost_arena
D:6:      layout_gridville, uniq_eustachio
D:7:      layout_basic, mainiacjoe_overflow_chevrons,
          minmay_temple_entry_statues_fountains, serial_rivers,
          chequers_serial_rivers_small_a, chequers_serial_rivers_small_b,
          chequers_serial_rivers_small_3, chequers_serial_rivers_small_b,
          chequers_serial_rivers_small_b, chequers_serial_rivers_small_3,
          uniq_menkaure, uniq_duvessa, uniq_joseph
D:8:      minmay_the_grid_octo_tiled_octocenter [minmay_the_grid_octo_shrine,
          minmay_the_grid_octo_clover_2, minmay_the_grid_octo_concentric,
          minmay_the_grid_octo_vomiting_pacman, minmay_the_grid_octo_prize_star,
          minmay_the_grid_square_5x5_plus, minmay_the_grid_square_5x5_minimal,
          minmay_the_grid_square_5x5_misaligned,
          minmay_the_grid_square_5x5_dogpile], layout_loops_ring,
          nicolae_ashenzari_skybound
D:9:      layout_gridville, orc_david_3, uniq_psyche
D:10:     hellmonk_paralyzer, layout_loops_ring, dpeg_oklobed_lair,
          gammafunk_ghost_berserking_beasts
D:11:     layout_layer_cave
Temple:   bh_familiar_temple
Lair:1:   layout_cave_pods, nicolae_lair_grove_arrangements, grunt_megastairs_2
Lair:2:   layout_loops_ring, shoals_dummy_entry
Lair:3:   layout_regular_city, guppyfry_snake_entry_garden, lemuel_fruit_fields
Lair:4:   layout_hall_layers, gauntlet_entry_generic, serial_bayou_shore_b,
          grunt_megastairs_5, uniq_nessos
Lair:5:   wormcave, layout_regular_city, minmay_slime_entry_pillars,
          minmay_shattered_shrine, lemuel_fruit_tree

Skill      XL: |  1  2  3  4  5  6  7  8  9 10 11 12 13 14 |
---------------+-------------------------------------------+-----
Fighting       | 2 3 5 7 8 9 10 | 10.0
Spellcasting   | 3 4 5 6 7 8 9 10 12 14 | 14.2
Dodging        | 3 5 6 8 9 10 | 10.0
Evocations     | 4 6 8 10 | 10.0
Ranged Weapons | 2 |  2.0
Invocations    | 3 |  3.3

Action                     |  1- 3 |  4- 6 |  7- 9 | 10-12 | 13-15 || total
---------------------------+-------+-------+-------+-------+-------++-------
  Melee: Staff             |       |       |       |       |    11 ||    11
         Short sword       |       |       |       |       |    21 ||    21
   Fire: Sling             |    78 |   139 |    60 |   119 |    71 ||   467
   Cast: Slow              |     5 |     2 |     2 |     9 |       ||    18
         Sting             |     4 |    16 |    81 |     4 |       ||   105
         Searing Ray       |       |    13 |    17 |    34 |       ||    64
         Cause Fear        |       |     1 |    24 |    20 |     8 ||    53
         Inner Flame       |       |     1 |     2 |    25 |     8 ||    36
         Passwall          |       |       |     1 |       |       ||     1
         Animate Dead      |       |       |       |     2 |       ||     2
         Olgreb's Toxic Ra |       |       |       |   114 |   179 ||   293
         Lee's Rapid Decon |       |       |       |       |    79 ||    79
  Evoke: Wand              |       |       |       |    12 |     3 ||    15
    Use: Scroll            |       |    10 |     6 |     5 |     6 ||    27
         Potion            |       |     1 |     3 |    11 |     1 ||    16
   Stab: Paralysed         |       |       |       |       |    21 ||    21
 Armour: Robe              |    10 |    30 |    11 |    22 |       ||    73
         Skin              |       |       |       |    10 |       ||    10
         Troll leather arm |       |       |       |     8 |    48 ||    56
         Steam dragon scal |       |       |       |     3 |       ||     3
  Dodge: Dodged            |    20 |    73 |    98 |   144 |   159 ||   494
